Map: Ephemeron LE

Players

Armani

  • Race: Zerg Zerg
  • League: Grandmaster
  • Spawn Location: 5:00

llllllllllll (Trap) - Winner!

  • Race: Protoss Protoss
  • League: Master
  • Spawn Location: 11:00

VOD

Have the link to the VOD?

Description

Time

  • Played on: Jan. 16, 2020, 6:04 a.m.
  • Length: 17:32
Show
View Real Time Build Order
Export as new Build Order

Armani Zerg 

Build Orders: Hatch First, Lurkers, Roach Hydra 

Get SALT Encoding   

  12  0:00  Drone  
  13  0:12  Overlord  
  13  0:17  Drone  
  14  0:31  Drone x2  
  16  0:47  Hatchery  
  15  0:51  Drone  
  15  0:55  Drone  
  17  0:57  Drone  
  18  1:12  Extractor  
  18  1:16  Spawning Pool  
  16  1:18  Drone  
  16  1:21  Drone  
  18  1:30  Drone  
  19  1:39  Drone  
  20  1:51  Hatchery  
  19  1:55  Drone  
  20  2:02  Queen  
  20  2:06  Drone  
  23  2:10  Drone  
  24  2:21  Queen  
  26  2:24  Overlord  
  26  2:29  Metabolic Boost  
  26  2:32  Drone  
  26  2:34  Zergling x2  
  28  2:44  Zergling x2  
  29  2:45  Drone x3  
  29  2:47  Drone  
  33  2:54  Queen  
  35  2:59  Overlord  
  35  3:02  Drone  
  35  3:05  Drone  
  35  3:07  Drone  
  38  3:12  Drone  
  38  3:15  Drone  
  38  3:17  Drone x2  
  41  3:22  Queen  
  41  3:25  Drone  
  44  3:27  Overlord  
  44  3:29  Drone  
  44  3:33  Drone  
  44  3:34  Drone  
  47  3:36  Queen  
  47  3:41  Overlord  
  49  3:43  Spore Crawler  
  49  3:47  Drone  
  49  3:48  Spore Crawler, Drone  
  51  3:55  Drone x4  
  53  4:03  Roach Warren  
  53  4:04  Drone  
  53  4:07  Drone  
  53  4:09  Lair  
  54  4:10  Drone x2  
  54  4:14  Extractor  
  54  4:15  Extractor, Drone x2  
  57  4:17  Drone x2  
  57  4:18  Drone  
  57  4:22  Overlord  
  59  4:25  Drone x2  
  59  4:29  Overlord  
  61  4:34  Zergling x10  
  66  4:43  Roach x4  
  74  4:45  Overlord  
  74  4:49  Roach  
  76  4:53  Roach x2  
  76  4:56  Zergling x2  
  81  5:03  Extractor  
  81  5:04  Roach x2  
  81  5:06  Zergling x8  
  88  5:08  Glial Reconstitution  
  86  5:14  Roach  
  86  5:16  Zergling x2  
  86  5:17  Zergling x4  
  86  5:20  Overlord  
  89  5:27  Overlord  
  87  5:30  Overlord x2  
  87  5:35  Overlord  
  84  5:39  Evolution Chamber  
  84  5:40  Evolution Chamber  
  84  5:41  Roach x2  
  79  5:44  Roach  
  81  5:55  Spire, Drone x2  
  81  5:56  Overseer  
  82  5:59  Zergling x4  
  84  6:09  Hatchery  
  83  6:11  Overseer  
  83  6:16  Zergling x10  
  87  6:19  Overlord  
  84  6:28  Drone x3  
  85  6:37  Overlord  
  85  6:39  Drone  
  86  6:44  Hydralisk Den, Ravager  
  86  6:53  Evolution Chamber  
  86  6:54  Drone x6  
  92  7:02  Drone  
  93  7:13  Grooved Spines, Hydralisk x2  
  96  7:18  Roach x5  
  96  7:19  Lurker Den  
  96  7:20  Drone  
  106  7:25  Zerg Missile Weapons Level 1  
  106  7:27  Extractor  
  106  7:29  Extractor  
  105  7:30  Drone x3  
  105  7:31  Drone  
  105  7:35  Drone  
  109  7:40  Drone  
  109  7:43  Drone  
  111  7:52  Drone x9  
  111  7:54  Drone  
  111  7:55  Drone  
  121  8:04  Overseer  
  117  8:11  Pneumatized Carapace  
  116  8:23  Hatchery, Drone x3  
  116  8:26  Infestation Pit  
  117  8:29  Drone  
  117  8:31  Hydralisk x4  
  117  8:33  Hydralisk x3  
  132  8:41  Overlord x3  
  132  8:44  Drone  
  132  8:47  Overlord  
  133  8:53  Overlord  
  133  8:54  Lurker Den, Muscular Augments  
  132  8:56  Drone  
  132  8:59  Drone x2  
  132  9:00  Spore Crawler, Drone  
  132  9:01  Drone  
  136  9:08  Hive  
  136  9:09  Drone x2  
  138  9:14  Overseer  
  138  9:16  Drone  
  139  9:23  Zergling x16  
  146  9:28  Lurker x5  
  146  9:31  Lurker x2  
  153  9:32  Lurker  
  154  9:41  Extractor x2, Drone x2  
  154  9:42  Spine Crawler  
  154  9:43  Spine Crawler  
  154  9:44  Hydralisk x2  
  156  9:52  Drone  
  156  9:53  Drone x3  
  156  9:58  Swarm Host, Drone  
  156  9:59  Hydralisk x3  
  165  10:01  Overlord  
  165  10:03  Overlord  
  165  10:04  Overlord  
  169  10:08  Overlord  
  169  10:12  Zerg Missile Weapons Level 2  
  168  10:15  Evolution Chamber  
  168  10:20  Overseer  
  166  10:24  Seismic Spines  
  157  10:33  Hydralisk  
  157  10:34  Hydralisk x7  
  168  10:38  Lurker  
  168  10:39  Lurker x2  
  168  10:41  Zergling x10  
  176  10:47  Drone x2  
  178  10:51  Spore Crawler  
  178  10:53  Spore Crawler  
  173  11:00  Hydralisk x6  
  173  11:01  Overseer  
  173  11:03  Zergling x2  
  181  11:18  Lurker x4  
  176  11:19  Lurker  
  176  11:22  Hydralisk x2  
  176  11:24  Zergling x2  
  176  11:25  Zergling x20  
  187  11:29  Zerg Melee Weapons Level 1  
  183  11:37  Adaptive Talons  
  144  11:50  Hydralisk x8  
  151  11:58  Lurker  
  152  12:01  Zergling x18  
  152  12:02  Zergling x4  
  152  12:05  Zergling x8  
  158  12:14  Hydralisk x4  
  163  12:18  Zergling x2  
  163  12:19  Zergling x4  
  137  12:30  Hydralisk x2  
  137  12:31  Hydralisk x3  
  140  12:37  Zergling x2  
  140  12:38  Zergling x8  
  144  12:45  Drone  
  144  12:46  Queen  
  144  12:51  Spore Crawler  
  144  12:52  Spore Crawler  
  144  12:55  Hydralisk  
  144  12:56  Hydralisk x3  
  150  12:58  Drone  
  150  13:00  Lurker  
  150  13:01  Lurker  
  147  13:06  Viper x3  
  147  13:12  Zerg Ground Armor Level 1  
  156  13:15  Lurker  
  156  13:17  Zergling x12  
  160  13:30  Drone  
  160  13:33  Hydralisk  
  160  13:34  Hydralisk x6  
  174  13:49  Zergling x4  
  174  13:50  Overlord x2  
  174  13:51  Overlord x2  
  174  13:54  Spire  
  175  14:02  Lurker  
  176  14:03  Adrenal Glands, Overlord  
  176  14:04  Zerg Melee Weapons Level 2  
  173  14:11  Lurker  
  173  14:12  Lurker  
  175  14:17  Hydralisk x3  
  175  14:18  Hatchery  
  179  14:38  Zergling x36  
  194  14:55  Lurker x6  
  200  15:09  Extractor, Zerg Flyer Weapons Level 1  
  198  15:16  Extractor  
  194  15:25  Zergling x10  
  199  15:32  Hydralisk x2  
  198  15:49  Zergling x10  
  200  15:56  Overseer x2  
  198  16:08  Spore Crawler  
  189  16:15  Spore Crawler  
  189  16:16  Spore Crawler  
  186  16:20  Drone  
  186  16:21  Spine Crawler, Drone x2  
  186  16:22  Spine Crawler, Drone  
  186  16:23  Spine Crawler, Drone x3  
  186  16:25  Lurker x6, Spine Crawler  
  193  16:26  Hydralisk x3  
  199  16:36  Overlord  
  189  16:44  Zergling x46  
  194  16:51  Drone  
  194  16:52  Drone  
  166  16:57  Drone x2  
  168  17:04  Hatchery  
Show
View Real Time Build Order
Export as new Build Order

llllllllllll Protoss - Winner!

Build Orders: 1 Gate Expand, Mass Adepts 

Get SALT Encoding   

  12  0:00  Probe  
  13  0:12  Probe  
  14  0:20  Pylon  
  14  0:24  Probe  
  15  0:38  Probe (Chrono Boost)  
  16  0:44  Gateway  
  16  0:47  Probe (Chrono Boost)  
  17  0:52  Probe (Chrono Boost), Assimilator  
  18  1:04  Probe  
  19  1:16  Probe  
  20  1:25  Nexus  
  20  1:35  Cybernetics Core  
  20  1:39  Probe  
  21  1:45  Assimilator  
  21  1:51  Probe  
  21  1:53  Pylon  
  22  2:03  Probe  
  23  2:08  Adept (Chrono Boost)  
  23  2:11  Warp Gate  
  23  2:15  Probe  
  26  2:20  Twilight Council  
  26  2:28  Probe (Chrono Boost)  
  27  2:31  Stalker  
  29  2:37  Probe (Chrono Boost)  
  29  2:40  Probe (Chrono Boost)  
  31  2:47  Probe (Chrono Boost)  
  31  2:48  Probe (Chrono Boost)  
  33  2:52  Robotics Facility  
  33  2:53  Probe  
  33  2:57  Probe  
  35  3:07  Probe  
  35  3:09  Probe  
  35  3:11  Gateway  
  37  3:17  Gateway, Resonating Glaives (Chrono Boost)  
  37  3:24  Probe x2  
  39  3:36  Gateway  
  39  3:37  Gateway  
  39  3:42  Warp Prism (Chrono Boost)  
  41  3:48  Pylon  
  41  3:50  Probe  
  41  3:53  Probe  
  43  3:59  Pylon  
  43  4:10  Adept  
  43  4:11  Adept x2, Assimilator  
  43  4:13  Probe x2  
  51  4:18  Pylon  
  51  4:20  Observer  
  52  4:36  Adept x4  
  52  4:37  Adept  
  62  4:39  Pylon  
  62  4:58  Adept x4  
  62  4:59  Adept  
  72  5:04  Dark Shrine  
  70  5:14  Pylon  
  70  5:18  Adept x3  
  70  5:19  Adept  
  76  5:39  Immortal (Chrono Boost)  
  76  5:42  Probe x2  
  78  5:44  Assimilator  
  78  5:49  Adept x2  
  79  5:57  Probe x2  
  80  6:04  Nexus  
  80  6:10  Immortal  
  84  6:17  Blink (Chrono Boost)  
  84  6:24  Probe x2  
  80  6:36  Forge  
  80  6:37  Probe x2 (Chrono Boost)  
  80  6:38  Stalker  
  82  6:46  Observer  
  82  6:47  Pylon  
  82  6:49  Probe x2 (Chrono Boost)  
  82  6:54  Pylon  
  85  6:57  Probe (Chrono Boost)  
  86  7:04  Probe  
  86  7:05  Probe  
  88  7:08  Protoss Ground Weapons Level 1 (Chrono Boost)  
  88  7:15  Photon Cannon  
  88  7:16  Probe, Photon Cannon  
  88  7:18  Photon Cannon  
  88  7:19  Dark Templar x2  
  93  7:24  Probe  
  93  7:25  Probe  
  93  7:26  Sentry x2  
  93  7:27  Sentry  
  93  7:28  Probe  
  102  7:31  Pylon  
  102  7:34  Pylon  
  102  7:46  Robotics Facility  
  102  7:51  Probe x3  
  101  7:54  Robotics Bay  
  105  7:58  Immortal (Chrono Boost)  
  105  8:17  Assimilator  
  105  8:18  Assimilator  
  105  8:19  Gateway  
  103  8:20  Gateway  
  103  8:23  Stalker x3  
  103  8:24  Stalker x2  
  103  8:25  Probe x2  
  103  8:26  Probe  
  115  8:31  Observer (Chrono Boost)  
  116  8:41  Pylon, Disruptor (Chrono Boost)  
  116  8:42  Pylon  
  116  8:48  Disruptor (Chrono Boost)  
  119  8:50  Shield Battery x2  
  119  8:51  Shield Battery  
  122  8:59  Stalker x3  
  128  9:11  Disruptor (Chrono Boost)  
  128  9:15  Disruptor (Chrono Boost)  
  128  9:16  Pylon  
  131  9:17  Protoss Ground Weapons Level 2 (Chrono Boost)  
  131  9:18  Pylon  
  131  9:20  Photon Cannon  
  131  9:21  Pylon  
  134  9:29  Stalker  
  134  9:30  Stalker  
  138  9:32  Stalker  
  140  9:41  Disruptor (Chrono Boost)  
  143  9:50  Zealot, Disruptor (Chrono Boost)  
  143  9:52  Charge  
  148  9:58  Nexus  
  146  10:05  Pylon  
  146  10:06  Pylon  
  145  10:07  Zealot x3  
  145  10:09  Disruptor (Chrono Boost)  
  154  10:20  Zealot x2, Disruptor (Chrono Boost)  
  154  10:21  Zealot  
  148  10:37  Stalker x4  
  154  10:51  Stalker x3  
  154  10:56  Disruptor (Chrono Boost)  
  160  11:03  Pylon  
  166  11:04  Pylon  
  166  11:06  Pylon, Disruptor (Chrono Boost)  
  160  11:23  Probe x3  
  160  11:34  Protoss Shields Level 1 (Chrono Boost), Nexus  
  158  11:48  Disruptor (Chrono Boost)  
  155  11:54  Zealot x7  
  155  11:57  Disruptor (Chrono Boost)  
  155  12:00  Pylon  
  169  12:02  Pylon  
  165  12:16  Observer  
  148  12:27  Observer (Chrono Boost)  
  139  12:34  Zealot x7, Disruptor (Chrono Boost)  
  152  12:44  Disruptor (Chrono Boost)  
  152  12:48  Photon Cannon  
  152  12:49  Gateway  
  152  12:50  Photon Cannon, Stargate  
  143  12:52  Gateway  
  141  13:00  Templar Archives  
  141  13:05  Dark Templar x4  
  135  13:09  Archon x2  
  135  13:14  Photon Cannon  
  135  13:24  Observer x2  
  136  13:29  Dark Templar x3  
  136  13:33  Archon  
  142  13:42  Protoss Ground Weapons Level 3 (Chrono Boost)  
  142  13:45  Immortal x2 (Chrono Boost)  
  146  13:50  High Templar  
  146  13:51  High Templar x2  
  152  13:57  Zealot x3  
  152  14:00  Assimilator  
  152  14:01  Assimilator  
  158  14:06  Zealot x3  
  158  14:09  Nexus  
  164  14:18  Psionic Storm  
  164  14:23  Immortal (Chrono Boost)  
  172  14:28  Immortal (Chrono Boost)  
  172  14:37  High Templar  
  174  14:41  Pylon  
  174  14:42  Probe x3  
  174  14:43  Probe  
  174  14:45  Zealot  
  180  14:46  Pylon, Zealot  
  182  14:54  Probe x3  
  185  15:04  High Templar, Zealot x2  
  185  15:05  High Templar, Zealot x3  
  199  15:08  Archon, Photon Cannon  
  194  15:36  Dark Templar x2  
  194  15:37  Dark Templar  
  194  15:40  Observer  
  196  15:50  Immortal  
  196  15:53  Archon  
  196  15:56  Dark Templar  
  200  15:58  Assimilator  
  200  16:02  Assimilator  
  196  16:07  Observer  
  196  16:08  Archon  
  196  16:14  Observer  
  196  16:18  Fleet Beacon  
  196  16:22  Stargate  
  196  16:24  Stargate  
  175  16:56  Zealot x4, Stalker x3  
  175  16:57  Zealot x2  
  188  17:01  Observer (Chrono Boost)  
  170  17:08  Observer (Chrono Boost)  
  168  17:16  Archon  
  135  17:26  Stalker x9  
Tags
 
Add a new tag
Caveats
  • Supply blocks, unpowered buildings, or Contaminate may cause inaccurate times.
  • Supply counts are checked every 10 seconds.